[Event "January 2 Late 2024"]
[Site "https://www.chess.com"]
[Date "2024.01.02"]
[Round "4"]
[White "Melian, Juan Sebastian"]
[Black "Bernat, David"]
[Result "1-0"]
[Board "124"]
[TimeControl "180+1"]
[WhiteFideId "3706575"]
[BlackFideId "2099225"]
[WhiteElo "2598"]
[BlackElo "2368"]
[WhiteTeam "PAR"]
[BlackTeam "USA"]
[WhiteClock "0:00:08"]
[BlackClock "0:00:01"]

1. Nf3 c5 2. c4 Nc6 3. b3 Nf6 4. Bb2 d6 5. e3 e5 6. d4 cxd4 7. exd4 Bg4 8. Be2 e4 9. Nfd2 Bf5 10. Nf1 d5 11. Ne3 Bg6 12. c5 Be7 13. O-O O-O 14. Nc3 Qd7 15. a3 a5 16. Na4 Rad8 17. Nb6 Qe6 18. Bc3 Ne8 19. b4 axb4 20. axb4 f5 21. b5 Nb8 22. Ra7 Nf6 23. Rxb7 f4 24. Ng4 f3 25. gxf3 Nxg4 26. fxg4 Bh4 27. Qd2 h6 28. Qe3 Bg5 29. Qg3 Bf4 30. Qg2 Rf6 31. h3 Rdf8 32. Be1 Kh7 33. c6 Nxc6 34. bxc6 Qxc6 35. Ba6 e3 36. f3 Qe8 37. Nd7 e2 38. Nxf6+ Rxf6 39. Qxe2 Qxe2 40. Bxe2 Be3+ 41. Bf2 Bf4 42. Kg2 h5 43. gxh5 Bxh5 44. Re1 Rg6+ 45. Kf1 Rf6 46. Bd3+ Kh6 47. Ree7 Bxf3 48. Rxg7 Be4 49. Bxe4 dxe4 50. Rh7+ Kg5 51. Rbg7+ Kf5 52. Bh4 Re6 53. Rf7+ Kg6 54. Rfg7+ Kf5 55. Rh5+ Bg5 56. Rhxg5+ Kf4 57. Rf7+ Ke3 58. Rg3+ Kxd4 59. Rd7+ Kc5 60. Rc3+ Kb4 61. Be1 Rf6+ 62. Ke2 Ra6 63. Rb7+ Ka4 64. Rc1 1-0

[Event "January 2 Late 2024"]
[Site "https://www.chess.com"]
[Date "2024.01.02"]
[Round "4"]
[White "Silva, Caio Henrique Angelico"]
[Black "Mazzilli, Piero"]
[Result "0-1"]
[Board "125"]
[TimeControl "180+1"]
[WhiteFideId "22777210"]
[BlackFideId "807087"]
[WhiteElo "2594"]
[BlackElo "2335"]
[WhiteTeam "BRA"]
[BlackTeam "ITA"]
[WhiteClock "0:00:52"]
[BlackClock "0:00:21"]

1. d4 d5 2. Nf3 c6 3. g3 Nf6 4. c4 Bf5 5. Nc3 e6 6. Nh4 Be4 7. f3 Bg6 8. Bg2 dxc4 9. O-O Be7 10. a4 O-O 11. e4 c5 12. Be3 cxd4 13. Bxd4 Nc6 14. Be3 Nb4 15. Nxg6 hxg6 16. f4 Nd3 17. Qe2 Qa5 18. Rfd1 Rfd8 19. Nb5 a6 20. Nc3 Bb4 21. e5 Bxc3 22. bxc3 Nd5 23. Bd4 Nxc3 24. Bxc3 Qxc3 25. Bxb7 Rab8 26. Bxa6 Qd4+ 27. Kg2 Rb2 28. Qxb2 Qxb2+ 0-1

[Event "January 2 Late 2024"]
[Site "https://www.chess.com"]
[Date "2024.01.02"]
[Round "4"]
[White "Achuthan, Aryan"]
[Black "Tabuenca Mendataurigoitia, Daniel"]
[Result "0-1"]
[Board "126"]
[TimeControl "180+1"]
[WhiteFideId "30982294"]
[BlackFideId "24563617"]
[WhiteElo "2331"]
[BlackElo "2528"]
[WhiteTeam "USA"]
[BlackTeam "ESP"]
[WhiteClock "0:00:01"]
[BlackClock "0:01:08"]

1. d4 d6 2. e4 Nf6 3. Nc3 e5 4. dxe5 dxe5 5. Qxd8+ Kxd8 6. Nf3 Bd6 7. Bg5 c6 8. Bc4 Ke7 9. O-O Nd7 10. Rad1 Bc7 11. Nh4 g6 12. Nf3 h6 13. Bh4 g5 14. Bg3 Nh5 15. Rd2 f6 16. Rfd1 Nb6 17. Be2 Nxg3 18. hxg3 Be6 19. Kf1 Rad8 20. a3 Rxd2 21. Rxd2 Nc4 22. Bxc4 Bxc4+ 23. Ke1 h5 24. Nd1 Bb6 25. b3 Be6 26. Ne3 Bxe3 27. fxe3 h4 28. gxh4 g4 29. Ng1 Rxh4 30. Kf2 g3+ 31. Kxg3 Rxe4 32. Kf2 a5 33. Ne2 Rg4 34. Nc1 a4 35. b4 b6 36. Nd3 Bd5 37. Ne1 Rc4 38. Ke2 Be4 39. Nd3 Rc3 40. Nb2 b5 41. Nd3 Rxa3 42. Nc5 Bd5 43. e4 Be6 44. Kf2 Rc3 45. Na6 a3 46. Nb8 a2 47. Nxc6+ Rxc6 0-1

[Event "January 2 Late 2024"]
[Site "https://www.chess.com"]
[Date "2024.01.02"]
[Round "4"]
[White "Ardila, Oscar Humberto"]
[Black "Koc, Przemyslaw"]
[Result "1/2-1/2"]
[Board "127"]
[TimeControl "180+1"]
[WhiteFideId "4404742"]
[BlackFideId "1109081"]
[WhiteElo "2323"]
[BlackElo "2513"]
[WhiteTeam "COL"]
[BlackTeam "POL"]
[WhiteClock "0:00:04"]
[BlackClock "0:00:13"]

1. d4 f5 2. c4 Nf6 3. Nc3 g6 4. Nf3 Bg7 5. Qc2 O-O 6. h3 d6 7. Bf4 h6 8. e3 g5 9. Bh2 c5 10. Bd3 cxd4 11. Nxd4 e6 12. Rd1 a6 13. O-O Nc6 14. Nxc6 bxc6 15. e4 Nh5 16. exf5 exf5 17. Be2 Nf4 18. Bxf4 gxf4 19. Bf3 Qc7 20. Qd2 Be5 21. Ne2 Be6 22. b3 d5 23. Nd4 Bxd4 24. Qxd4 dxc4 25. bxc4 c5 26. Qd6 Qxd6 27. Rxd6 Rae8 28. Bd5 Bxd5 29. Rxd5 Re2 30. Ra1 f3 31. gxf3 Rc8 32. Rxf5 Rc2 33. Rf4 Rb8 34. Kg2 Rbb2 35. Kg3 Rxf2 36. Rg1 Rxa2 37. Rf5 Kh7 38. Rxc5 Rfc2 39. Rc7+ Kg6 40. Kf4+ Kf6 41. Rc6+ Kf7 42. Rgg6 Ra4 43. Rgf6+ Ke7 44. Rxh6 Rcxc4+ 45. Rxc4 Rxc4+ 46. Kg3 a5 47. Ra6 a4 48. h4 Kf7 49. f4 Kg7 50. Kg4 Rb4 51. h5 Kf7 52. Kg5 Rc4 53. h6 Kg8 54. f5 Kh8 55. Ra7 Kg8 56. f6 Rc1 57. Rxa4 Rg1+ 58. Rg4 Rf1 59. Kg6 Kh8 60. Rg5 Rf2 61. Kf7 Kh7 62. Rg7+ Kxh6 63. Rg8 Kh7 64. Rg7+ Kh6 65. Rg6+ Kh7 66. Rg4 Kh6 67. Rg3 Re2 68. Kf8 Ra2 69. f7 Ra8+ 70. Ke7 Ra7+ 71. Ke6 Ra6+ 72. Kf5 Ra5+ 73. Kf6 Ra6+ 74. Ke7 Ra7+ 75. Ke8 Ra8+ 76. Ke7 Ra7+ 1/2-1/2

[Event "January 2 Late 2024"]
[Site "https://www.chess.com"]
[Date "2024.01.02"]
[Round "4"]
[White "Rodriguez Avila, Alvaro"]
[Black "Tao, Sihan"]
[Result "0-1"]
[Board "128"]
[TimeControl "180+1"]
[WhiteFideId "24570249"]
[BlackFideId "30982677"]
[WhiteElo "2304"]
[BlackElo "2506"]
[WhiteTeam "ESP"]
[BlackTeam "USA"]
[WhiteClock "0:00:00"]
[BlackClock "0:00:21"]

1. e4 c5 2. d4 cxd4 3. c3 Nf6 4. e5 Nd5 5. Nf3 d6 6. cxd4 Nc6 7. Bc4 dxe5 8. dxe5 Be6 9. a3 g6 10. O-O Bg7 11. Re1 O-O 12. h3 Qd7 13. Nbd2 Nb6 14. Bb5 a6 15. Bxc6 Qxc6 16. Nd4 Qd5 17. N2f3 Rfd8 18. Bg5 Rd7 19. Qe2 Nc4 20. Rad1 Rad8 21. Bxe7 Rxe7 22. Nf5 gxf5 23. Rxd5 Bxd5 24. Rd1 Nxe5 25. Nxe5 Rxe5 26. Qd2 Rde8 27. Qd3 Bc6 28. Rf1 Re1 29. Qxf5 Bb5 30. Rxe1 Rxe1+ 31. Kh2 Bc6 32. Qc8+ Re8 33. Qf5 Bxb2 34. Qg5+ Bg7 35. h4 Re5 36. Qd8+ Bf8 37. f3 Rh5 38. Kg3 Kg7 39. Qb6 Be7 40. Qb2+ Bf6 41. Qb5 axb5 0-1

[Event "January 2 Late 2024"]
[Site "https://www.chess.com"]
[Date "2024.01.02"]
[Round "4"]
[White "Tagliati, Eleonore"]
[Black "Stojanovski, Sandi"]
[Result "1/2-1/2"]
[Board "129"]
[TimeControl "180+1"]
[WhiteFideId "45172234"]
[BlackFideId "1403249"]
[WhiteElo "2202"]
[BlackElo "2505"]
[WhiteTeam "FRA"]
[BlackTeam "DEN"]
[WhiteClock "0:00:12"]
[BlackClock "0:00:02"]

1. e4 d6 2. d4 Nf6 3. Nc3 g6 4. Nf3 Bg7 5. Be2 O-O 6. O-O Bg4 7. h3 Bxf3 8. Bxf3 Nc6 9. Be3 e5 10. dxe5 dxe5 11. Nd5 Nd4 12. Bxd4 exd4 13. Qxd4 Nxd5 14. Qxd5 Qxd5 15. exd5 Bxb2 16. Rab1 Bd4 17. Rxb7 Bb6 18. c4 Rab8 19. Rxb8 Rxb8 20. Rc1 Bc5 21. Rc2 a5 22. g3 a4 23. Kg2 a3 24. Be4 f5 25. Bd3 Kf7 26. Re2 Rb2 27. Kf3 h5 28. Rc2 Rb6 29. Re2 Kf6 30. g4 fxg4+ 31. hxg4 h4 32. Kg2 g5 33. Kh3 Rb2 34. Re6+ Kf7 35. Re2 Rxe2 36. Bxe2 Bxf2 37. Kg2 Bc5 38. Kf3 Kf6 39. Ke4 h3 40. Bf3 h2 41. Bg2 Bf2 42. Bf3 Ke7 43. Kf5 Be3 44. Ke4 Bg1 45. Kf5 Kd6 46. Kxg5 Ke5 47. Bh1 Kd4 48. Kf6 Kxc4 49. g5 Kc3 50. g6 Kb2 51. Ke5 Kc3 52. d6 Bd4+ 53. Kd5 cxd6 54. Kxd6 Kb2 55. Bd5 Bg7 56. Ke7 h1=Q 57. Bxh1 Kxa2 58. Bd5+ Kb2 59. Kf7 Bc3 60. Be6 a2 61. Bxa2 Kxa2 62. g7 Bxg7 1/2-1/2

[Event "January 2 Late 2024"]
[Site "https://www.chess.com"]
[Date "2024.01.02"]
[Round "4"]
[White "Grigoriants, Sergey"]
[Black "Tikhonov, Viacheslav"]
[Result "1-0"]
[Board "130"]
[TimeControl "180+1"]
[WhiteFideId "4130804"]
[BlackFideId "44196407"]
[WhiteElo "2933"]
[BlackElo "2484"]
[WhiteTeam "HUN"]
[BlackTeam "RUS"]
[WhiteClock "0:01:30"]
[BlackClock "0:01:14"]

1. d4 Nf6 2. c4 e6 3. g3 d5 4. Bg2 Be7 5. Nf3 O-O 6. Qc2 c6 7. O-O dxc4 8. Qxc4 b5 9. Qc2 Bb7 10. Bg5 Nbd7 11. Ne5 Nxe5 12. dxe5 Nd5 13. Bxe7 Qxe7 14. Nd2 c5 15. Ne4 Nb4 16. Qxc5 Qxc5 17. Nxc5 Bxg2 18. Kxg2 Rfc8 19. Rfc1 Rc6 20. a3 Na6 21. Ne4 Rac8 22. Rxc6 Rxc6 23. Rd1 Kf8 24. Rd8+ Ke7 25. Ra8 Rc7 26. b4 f6 27. exf6+ gxf6 28. Rh8 e5 29. Rxh7+ Ke6 30. Rh6 Kd5 31. Nxf6+ Kc4 32. Ne8 Re7 33. Rxa6 Rxe8 34. Rxa7 Kb3 35. h4 e4 36. h5 e3 37. h6 exf2 38. Kxf2 Rf8+ 39. Kg2 Rf5 40. g4 Re5 41. h7 Rxe2+ 42. Kg3 Re8 43. g5 Kc4 44. g6 Re1 45. h8=Q 1-0

[Event "January 2 Late 2024"]
[Site "https://www.chess.com"]
[Date "2024.01.02"]
[Round "4"]
[White "Santos Latasa, Jaime"]
[Black "Biernacki, Mark"]
[Result "1-0"]
[Board "131"]
[TimeControl "180+1"]
[WhiteFideId "2293307"]
[BlackFideId "2082322"]
[WhiteElo "2907"]
[BlackElo "2314"]
[WhiteTeam "ESP"]
[BlackTeam "USA"]
[WhiteClock "0:01:24"]
[BlackClock "0:00:24"]

1. Nf3 d5 2. b3 Nf6 3. Bb2 Bf5 4. Nh4 Bg4 5. h3 Bh5 6. g4 Bg6 7. e3 e6 8. Nxg6 hxg6 9. d3 Nbd7 10. Nd2 e5 11. g5 Nh5 12. Qg4 Bd6 13. Bg2 c6 14. h4 Qe7 15. a3 O-O-O 16. Kd1 f5 17. Qe2 Rhf8 18. c3 Kb8 19. Kc2 Nc5 20. b4 Ne6 21. Rac1 f4 22. Qg4 fxe3 23. fxe3 Rf7 24. Rhf1 Rdf8 25. Rxf7 Rxf7 26. Rf1 Rxf1 27. Bxf1 Nc7 28. Bh3 a6 29. c4 Qf8 30. c5 Bxc5 31. bxc5 Qxc5+ 32. Kd1 Qxe3 33. Qc8+ Ka7 34. Qxc7 Qxh3 35. Qxe5 Qxd3 36. Bd4+ b6 37. Qc7+ Ka8 38. Qxc6+ Kb8 39. Be5+ Ka7 40. Qc7+ Ka8 41. Qb8# 1-0

[Event "January 2 Late 2024"]
[Site "https://www.chess.com"]
[Date "2024.01.02"]
[Round "4"]
[White "Le, Quang Long"]
[Black "Caglar, Sila"]
[Result "1-0"]
[Board "132"]
[TimeControl "180+1"]
[WhiteFideId "12401749"]
[BlackFideId "6364063"]
[WhiteElo "2766"]
[BlackElo "2415"]
[WhiteTeam "CAN"]
[BlackTeam "TUR"]
[WhiteClock "0:00:16"]
[BlackClock "0:00:00"]

1. Nf3 d5 2. g3 Nc6 3. d4 Bf5 4. Bg2 Nb4 5. Na3 e6 6. O-O h5 7. h4 Be7 8. c3 Nc6 9. b4 Nf6 10. Bf4 Ne4 11. Nb1 g5 12. hxg5 Nxg5 13. Nxg5 Bxg5 14. Qc1 Bf6 15. Nd2 h4 16. e4 dxe4 17. Nxe4 Bxe4 18. Bxe4 hxg3 19. fxg3 Nxd4 20. Qe3 Nc6 21. Rad1 Qe7 22. Bxc6+ bxc6 23. Bxc7 Qxc7 24. Rxf6 Rh5 25. Rxe6+ Kf8 26. Rf1 Rd8 27. Ref6 Rd7 28. Kg2 c5 29. b5 Qb7+ 30. R1f3 Qxb5 31. g4 Qb2+ 32. Rf2 Qb7+ 33. R6f3 Rhd5 34. Qe4 Kg8 35. Re2 Rg5 36. Qf4 1-0

[Event "January 2 Late 2024"]
[Site "https://www.chess.com"]
[Date "2024.01.02"]
[Round "4"]
[White "Blanco Ronquillo, Humberto L."]
[Black "Rees, Ioan"]
[Result "1-0"]
[Board "133"]
[TimeControl "180+1"]
[WhiteFideId "3504239"]
[BlackFideId "1801236"]
[WhiteElo "2701"]
[BlackElo "2415"]
[WhiteTeam "CUB"]
[BlackTeam "WLS"]
[WhiteClock "0:00:16"]
[BlackClock "0:00:06"]

1. e4 e5 2. Nf3 Nc6 3. d4 exd4 4. Nxd4 Nf6 5. Nxc6 bxc6 6. e5 Qe7 7. Qe2 Nd5 8. c4 Nb6 9. Nc3 Ba6 10. Qe4 f6 11. exf6 Qxe4+ 12. Nxe4 gxf6 13. b3 Bb4+ 14. Bd2 Bxd2+ 15. Kxd2 Kf7 16. Be2 d5 17. Bh5+ Kg7 18. Ng3 Rhd8 19. c5 Nd7 20. b4 Rab8 21. a3 Ne5 22. Nf5+ Kf8 23. Nd4 Bc8 24. f4 Nc4+ 25. Kc3 Bd7 26. Rhe1 a5 27. Be2 axb4+ 28. axb4 Ne3 29. g3 Ra8 30. Bd3 Ng4 31. Bxh7 Nxh2 32. Bd3 Ng4 33. Bf5 Bxf5 34. Nxf5 Re8 35. Rh1 Rxa1 36. Rxa1 Ne3 37. Nd4 Nc4 38. Nxc6 Re3+ 39. Kd4 Rxg3 40. Kxd5 Ne3+ 41. Ke6 Ng2 42. Kxf6 Ke8 43. Ne5 Nxf4 44. Ra8# 1-0

[Event "January 2 Late 2024"]
[Site "https://www.chess.com"]
[Date "2024.01.02"]
[Round "4"]
[White "Haydon, David L"]
[Black "Blanco Diez, David"]
[Result "0-1"]
[Board "134"]
[TimeControl "180+1"]
[WhiteFideId "415405"]
[BlackFideId "32032927"]
[WhiteElo "2660"]
[BlackElo "2411"]
[WhiteTeam "ENG"]
[BlackTeam "ESP"]
[WhiteClock "0:02:22"]
[BlackClock "0:02:43"]

1. e4 c5 2. Nf3 e6 3. d4 cxd4 4. Nxd4 Nf6 5. Bd3 Nc6 6. Nxc6 bxc6 7. c4 d5 8. cxd5 cxd5 9. exd5 Qxd5 10. O-O Bb7 11. f3 Rd8 0-1

[Event "January 2 Late 2024"]
[Site "https://www.chess.com"]
[Date "2024.01.02"]
[Round "4"]
[White "Rostomyan, Mikayel"]
[Black "Alvarado, Carlos"]
[Result "0-1"]
[Board "135"]
[TimeControl "180+1"]
[WhiteFideId "13313754"]
[BlackFideId "3800555"]
[WhiteElo "2659"]
[BlackElo "2411"]
[WhiteTeam "ARM"]
[BlackTeam "PER"]
[WhiteClock "0:00:06"]
[BlackClock "0:00:02"]

1. Nf3 d5 2. e3 Nf6 3. c4 e6 4. Nc3 Be7 5. Be2 O-O 6. O-O b6 7. b3 Bb7 8. Bb2 c5 9. d4 Nbd7 10. Rc1 Rc8 11. cxd5 Nxd5 12. Nxd5 Bxd5 13. Ba6 Rc7 14. Bd3 cxd4 15. Nxd4 Rxc1 16. Qxc1 Qa8 17. f3 Rc8 18. Qd2 Bb7 19. Bb1 Nf6 20. Qd3 a5 21. Nb5 Rd8 22. Qc4 Ba6 23. a4 Qd5 24. Bd4 Bc5 25. Bxc5 Qxc5 26. Qxc5 bxc5 27. e4 Bxb5 28. axb5 Kf8 29. Rc1 Rd2 30. b6 Nd7 31. b7 Nb8 32. h3 Rb2 33. e5 Rxb3 34. Be4 Rb5 35. Rd1 Ke7 36. Rd6 a4 37. Ra6 Nxa6 38. Bd3 Rb4 39. Bxa6 a3 40. Kh2 a2 41. Bb5 Rxb5 42. b8=Q Rxb8 0-1

[Event "January 2 Late 2024"]
[Site "https://www.chess.com"]
[Date "2024.01.02"]
[Round "4"]
[White "Filipovic, Slobodan J"]
[Black "Fantinel, Thibault"]
[Result "0-1"]
[Board "136"]
[TimeControl "180+1"]
[WhiteFideId "939633"]
[BlackFideId "663395"]
[WhiteElo "2409"]
[BlackElo "2658"]
[WhiteTeam "SRB"]
[BlackTeam "FRA"]
[WhiteClock "0:00:00"]
[BlackClock "0:00:20"]

1. c4 b6 2. Nc3 Bb7 3. d4 Nf6 4. a3 g6 5. f3 d5 6. cxd5 Nxd5 7. e4 Nxc3 8. bxc3 Bg7 9. Bd3 O-O 10. Ne2 e5 11. Be3 exd4 12. cxd4 c5 13. d5 Nd7 14. Rc1 b5 15. O-O c4 16. Bb1 Qa5 17. a4 a6 18. Nd4 Rac8 19. Nc6 Bxc6 20. dxc6 Ne5 21. axb5 axb5 22. f4 Nxc6 23. e5 Rfd8 24. Qf3 Nd4 25. Qf2 Nb3 26. Bb6 Qb4 27. Rcd1 Rxd1 28. Rxd1 Bf8 29. Kh1 Bc5 30. Bxc5 Qxc5 31. Qf3 c3 32. Bc2 Nd4 33. Qd3 Nxc2 34. Qxc2 b4 35. Rb1 Qc4 36. e6 Qxe6 37. h3 Qc4 38. Rb3 Qxf4 39. Rb1 Qc4 40. Rb3 Re8 41. Qc1 Qxb3 42. Qh6 Qe6 43. h4 Qe1+ 44. Kh2 Qe5+ 45. Kh3 c2 46. h5 Qe3+ 47. Qxe3 Rxe3+ 48. Kg4 c1=Q 49. hxg6 Qc4+ 50. Kg5 hxg6 51. g4 Re5+ 52. Kh6 Qc1+ 0-1

[Event "January 2 Late 2024"]
[Site "https://www.chess.com"]
[Date "2024.01.02"]
[Round "4"]
[White "Palomo, Franklin Annervys"]
[Black "Osinovsky, Stepan"]
[Result "1-0"]
[Board "137"]
[TimeControl "180+1"]
[WhiteFideId "3906965"]
[BlackFideId "4157354"]
[WhiteElo "2655"]
[BlackElo "2402"]
[WhiteTeam "VEN"]
[BlackTeam "RUS"]
[WhiteClock "0:00:31"]
[BlackClock "0:00:00"]

1. Nf3 Nf6 2. g3 g6 3. Bg2 Bg7 4. O-O O-O 5. d3 d6 6. Nbd2 e5 7. c3 Nbd7 8. a4 a5 9. Qc2 Re8 10. Re1 h5 11. e4 b6 12. b3 Bb7 13. Ba3 Nc5 14. Rad1 Qd7 15. Nc4 Rad8 16. h3 Qc6 17. Nfd2 d5 18. exd5 Nxd5 19. Ne4 Ne6 20. Ned2 Ng5 21. h4 Nh3+ 22. Kf1 Qd7 23. Nf3 Ndf4 24. Bh1 Qf5 25. Ne3 Qf6 26. d4 e4 27. Ne5 Nd3 28. Re2 Nxe5 29. dxe5 Rxd1+ 30. Qxd1 Qxe5 31. Bg2 Nf4 32. gxf4 Qxf4 33. Qd7 Bf6 34. Qxe8+ Kg7 35. c4 Bxh4 36. Bb2+ 1-0

[Event "January 2 Late 2024"]
[Site "https://www.chess.com"]
[Date "2024.01.02"]
[Round "4"]
[White "Rego, Pedro Filipe"]
[Black "Perske, Thore"]
[Result "0-1"]
[Board "138"]
[TimeControl "180+1"]
[WhiteFideId "1904310"]
[BlackFideId "12902195"]
[WhiteElo "2400"]
[BlackElo "2651"]
[WhiteTeam "POR"]
[BlackTeam "GER"]
[WhiteClock "0:00:34"]
[BlackClock "0:00:51"]

1. e4 e6 2. d4 d5 3. Nd2 c5 4. exd5 Qxd5 5. Ngf3 cxd4 6. Bc4 Qd6 7. O-O Nf6 8. Nb3 Nc6 9. Nfxd4 Nxd4 10. Nxd4 Be7 11. Nb5 Qc6 12. Qe2 O-O 13. Bf4 b6 14. Nd4 Qc5 15. Nb3 Qf5 16. Bg3 Bb7 17. Rad1 Rfd8 18. Bd3 Qh5 19. Qxh5 Nxh5 20. Bc7 Rdc8 21. Be5 Bf6 22. Bxf6 Nxf6 23. c3 Bd5 24. Ba6 Rd8 25. Rd4 Bxb3 26. Rxd8+ Rxd8 27. axb3 Rd2 28. Rb1 Ne4 29. f3 Nc5 30. Bc4 g6 31. b4 Na4 32. Bb3 Nxb2 33. Ra1 Nd3 34. Rxa7 Rb2 35. Kf1 Rxb3 36. Ke2 Nf4+ 37. Ke3 Nd5+ 38. Kd4 0-1

[Event "January 2 Late 2024"]
[Site "https://www.chess.com"]
[Date "2024.01.02"]
[Round "4"]
[White "Agibileg, Uurtsaikh"]
[Black "Bristy Mukherjee"]
[Result "1-0"]
[Board "139"]
[TimeControl "180+1"]
[WhiteFideId "4901606"]
[BlackFideId "25077325"]
[WhiteElo "2645"]
[BlackElo "2401"]
[WhiteTeam "MGL"]
[BlackTeam "IND"]
[WhiteClock "0:01:14"]
[BlackClock "0:00:42"]

1. d4 f5 2. g3 Nf6 3. Bg2 e6 4. Nf3 d6 5. O-O Be7 6. c4 O-O 7. b3 Nc6 8. Bb2 a5 9. Nc3 e5 10. dxe5 dxe5 11. e4 f4 12. Nd5 Bg4 13. h3 Bxf3 14. Bxf3 Bd6 15. gxf4 exf4 16. Nxf6+ gxf6 17. Kh2 Be5 18. Rg1+ Kh8 19. Qe2 Bxb2 20. Qxb2 Qd4 21. Qe2 Rad8 22. Rad1 Qe5 23. Rd5 Rxd5 24. exd5 Qxe2 25. Bxe2 Nd4 26. Bh5 h6 27. Re1 Rg8 28. Re4 c5 29. dxc6 Nxc6 30. Rxf4 Rg5 31. Bf3 Ne5 32. Bxb7 Kg7 33. Rd4 Rf5 34. f4 Ng6 35. Kg3 Rc5 36. Rd7+ Kf8 37. a3 Ne7 38. Be4 a4 39. Bc2 axb3 40. Bxb3 Nf5+ 41. Kf3 Ra5 42. a4 Ke8 43. Rd1 Nh4+ 44. Ke4 Ke7 45. Rd5 Ra8 46. a5 f5+ 47. Ke5 Ra6 48. Ba4 Re6+ 49. Kd4 Nf3+ 50. Kc5 Nd2 51. Rxd2 1-0

[Event "January 2 Late 2024"]
[Site "https://www.chess.com"]
[Date "2024.01.02"]
[Round "4"]
[White "Aghasiyev, Kamal"]
[Black "Jarocka, Liwia"]
[Result "1-0"]
[Board "140"]
[TimeControl "180+1"]
[WhiteFideId "13402854"]
[BlackFideId "21807558"]
[WhiteElo "2642"]
[BlackElo "2397"]
[WhiteTeam "AZE"]
[BlackTeam "POL"]
[WhiteClock "0:00:06"]
[BlackClock "0:00:56"]

1. e4 d6 2. d4 Nf6 3. Nc3 e5 4. Nf3 Nbd7 5. Bc4 Be7 6. a4 O-O 7. O-O c6 8. dxe5 Nxe5 9. Nxe5 dxe5 10. Qf3 Qb6 11. h3 a5 12. b3 Bc5 13. Bg5 Ne8 14. Rad1 Nd6 15. Be7 Nxc4 16. Bxf8 Bxf8 17. bxc4 Qb4 18. Rb1 Qxc4 19. Rfd1 Be6 20. Rxb7 Bb4 21. Rd3 h6 22. Nd1 Qxc2 23. Kh2 Qxa4 24. Ne3 Bc5 25. Nf5 Qc2 26. Rc3 Qxf2 27. Qxf2 Bxf2 28. Rxc6 Bxf5 29. exf5 Bd4 30. g4 a4 31. Rbc7 a3 32. Rc8+ Rxc8 33. Rxc8+ Kh7 34. Ra8 Bb2 35. Kg3 g6 36. Kf3 gxf5 37. gxf5 Kg7 38. Ra6 f6 39. Ke4 h5 40. Kd5 Bd4 41. Rxa3 Kh6 42. Rg3 Bb2 43. Rg6+ Kh7 44. Rxf6 h4 45. Rg6 e4 46. Kxe4 1-0

[Event "January 2 Late 2024"]
[Site "https://www.chess.com"]
[Date "2024.01.02"]
[Round "4"]
[White "Travkina, Anastasia"]
[Black "Niedbala, Bartlomiej"]
[Result "0-1"]
[Board "141"]
[TimeControl "180+1"]
[WhiteFideId "24129151"]
[BlackFideId "21834008"]
[WhiteElo "2395"]
[BlackElo "2641"]
[WhiteTeam "RUS"]
[BlackTeam "POL"]
[WhiteClock "0:00:17"]
[BlackClock "0:01:09"]

1. e4 g6 2. d4 Bg7 3. Nc3 b6 4. f4 Bb7 5. d5 e6 6. Nf3 Ne7 7. Bc4 O-O 8. O-O Na6 9. Be3 Nc5 10. e5 exd5 11. Nxd5 Nf5 12. Bxc5 bxc5 13. g4 Ne7 14. Nf6+ Bxf6 15. exf6 Nc6 16. g5 Re8 17. c3 Na5 18. Bd5 c6 19. Bb3 c4 20. Bc2 Qb6+ 21. Nd4 Qxb2 22. Qd2 Qb6 23. Qf2 c5 24. Qh4 h5 25. Nf5 Qc6 26. Nh6+ Kf8 27. Qg3 Re2 28. Rf3 Qxf3 29. Qxf3 Bxf3 30. Bd1 Re1+ 0-1

[Event "January 2 Late 2024"]
[Site "https://www.chess.com"]
[Date "2024.01.02"]
[Round "4"]
[White "osh1ro"]
[Black "Skibbe, Willi"]
[Result "0-1"]
[Board "142"]
[TimeControl "180+1"]
[BlackFideId "4682190"]
[WhiteElo "2623"]
[BlackElo "2393"]
[BlackTeam "GER"]
[WhiteClock "0:00:19"]
[BlackClock "0:00:24"]

1. d4 e6 2. c4 d5 3. Nc3 c6 4. e4 dxe4 5. Nxe4 Bb4+ 6. Bd2 Qxd4 7. Bxb4 Qxe4+ 8. Be2 Na6 9. Ba5 b6 10. Qd6 Bd7 11. Bc3 f6 12. O-O-O O-O-O 13. b4 Nh6 14. c5 Nc7 15. f3 Qg6 16. b5 Nf5 17. Qf4 Qh6 18. Qxh6 Nxh6 19. cxb6 axb6 20. bxc6 Bxc6 21. Nh3 e5 22. Nf2 Nf5 23. Rhg1 Bb5 24. Bd3 Ne3 25. Rd2 Ned5 26. Bb2 Nf4 27. Bxb5 Nxb5 28. g3 Rxd2 29. Kxd2 Rd8+ 30. Ke3 Nd5+ 31. Ke2 Ndc3+ 32. Bxc3 Nxc3+ 33. Ke3 Nd5+ 34. Ke2 Kb7 35. Rc1 Ra8 36. Rc2 Rxa2 37. Rxa2 Nc3+ 38. Kd3 Nxa2 39. Kc2 Nb4+ 40. Kb3 Nd5 41. Kc4 Kc6 42. Ne4 b5+ 43. Kb3 Ne3 44. Nd2 Kd5 45. Kc3 Nc4 46. Ne4 h6 47. h4 Nd6 48. Nf2 f5 49. h5 e4 50. f4 e3 51. Nd1 Ke4 52. Kc2 e2 53. Nc3+ Kf3 54. Kd2 Ne4+ 55. Nxe4 Kxe4 0-1

[Event "January 2 Late 2024"]
[Site "https://www.chess.com"]
[Date "2024.01.02"]
[Round "4"]
[White "Akhayan"]
[Black "Hajiyev, Kanan"]
[Result "0-1"]
[Board "143"]
[TimeControl "180+1"]
[BlackFideId "13404148"]
[WhiteElo "2384"]
[BlackElo "2621"]
[BlackTeam "AZE"]
[WhiteClock "0:00:04"]
[BlackClock "0:00:25"]

1. e4 c6 2. d4 d5 3. exd5 cxd5 4. c4 Nf6 5. Nc3 e6 6. Nf3 Bb4 7. c5 O-O 8. Bd3 b6 9. cxb6 Qxb6 10. O-O Ba6 11. Bg5 Bxd3 12. Qxd3 Nbd7 13. Ne5 Nxe5 14. dxe5 Nd7 15. Qg3 Kh8 16. Rac1 Qd4 17. Rfe1 Rac8 18. Rcd1 Qc4 19. Bd2 Bxc3 20. Bxc3 Qxa2 21. Ra1 Qc4 22. Rxa7 Rc7 23. Rxc7 Qxc7 24. Ra1 Rb8 25. h3 Kg8 26. Qd3 Nxe5 27. Qg3 f6 28. Re1 Rb7 29. Bxe5 fxe5 30. Qxe5 Qxe5 31. Rxe5 Kf7 32. Re2 Rb4 33. f3 g5 34. Kf2 Kf6 35. Rc2 d4 36. Ke2 Rb3 37. Rd2 e5 38. Kf2 Kf5 39. Kg3 h5 40. Kf2 g4 41. hxg4+ hxg4 42. Kg3 gxf3 43. gxf3 Rb8 44. Kf2 Kf4 45. Re2 Rb3 46. Re4+ Kf5 47. Rh4 Rxb2+ 48. Kg3 Rb1 49. Rh8 Rg1+ 50. Kf2 Rg6 51. Rd8 Ra6 52. Rd7 Ra2+ 53. Kg3 Ra6 54. Kf2 Ke6 55. Rd8 Rd6 56. Ra8 Kd5 57. Ke2 Rc6 58. Ra5+ Rc5 59. Ra4 Rc2+ 60. Kd3 Rf2 61. Ra5+ Ke6 62. Ke4 Re2+ 63. Kd3 Re3+ 64. Kc4 Rc3+ 65. Kb4 Rxf3 0-1

[Event "January 2 Late 2024"]
[Site "https://www.chess.com"]
[Date "2024.01.02"]
[Round "4"]
[White "Kanter, Eduard"]
[Black "Brown_Mamba24"]
[Result "0-1"]
[Board "144"]
[TimeControl "180+1"]
[WhiteFideId "4103963"]
[WhiteElo "2383"]
[BlackElo "2613"]
[WhiteTeam "RUS"]
[WhiteClock "0:00:12"]
[BlackClock "0:02:37"]

1. e4 c5 2. Nf3 g6 3. c4 Nc6 4. d4 cxd4 5. Nxd4 Nf6 6. Nc3 d6 7. Be2 Nxd4 8. Qxd4 Bg7 9. Be3 O-O 10. Qd2 a5 11. Rc1 a4 12. O-O Qa5 13. Rfd1 Be6 14. f3 Rfc8 15. Nd5 Qxd2 16. Bxd2 Nxd5 17. cxd5 Bd7 18. Bc3 Bh6 19. Rc2 a3 20. b3 Rc5 0-1

[Event "January 2 Late 2024"]
[Site "https://www.chess.com"]
[Date "2024.01.02"]
[Round "4"]
[White "RemcoSpr"]
[Black "Poltorak, Sebastian"]
[Result "0-1"]
[Board "145"]
[TimeControl "180+1"]
[BlackFideId "1199498"]
[WhiteElo "2382"]
[BlackElo "2605"]
[BlackTeam "POL"]
[WhiteClock "0:00:03"]
[BlackClock "0:02:26"]

1. e4 Nc6 2. Nf3 f5 3. exf5 d5 4. Bb5 Bxf5 5. Ne5 Qd6 6. d4 e6 7. Bf4 Qb4+ 8. Nc3 Qxb2 9. Kd2 Bb4 10. Rb1 Qxc3+ 11. Ke2 Bxc2 0-1